Avalanche vs Blackhawks

Created - Wednesday, January 07, 2015 at 23:53

Goals
1 2 3 OT1 T
Avalanche 0 1 0 0 1
Blackhawks 1 0 0 1 2
Shots
1 2 3 OT1 T
Avalanche 9 16 5 0 30
Blackhawks 12 6 8 2 28

1st period

1. Blackhawks , Curtis Glencross 6 (Patrick Wiercioch, Martin Hanzal) at 16:31 (PP)

Penalties :
Troy Brouwer (Col) for High sticking (Minor) at 16:23, Cal Clutterbuck (Chi) for Hooking (Minor) at 18:13

2nd period

2. Avalanche , Claude Giroux 14 (Clayton Stoner) at 2:42

Penalties :
Jaromir Jagr (Chi) for Holding (Minor) at 2:57, Brad Stuart (Col) for Interference (Minor) at 16:20

3rd period

No Goal

Penalties :
Martin Hanzal (Chi) for Roughing (Minor) at 7:51, Andrew Shaw (Chi) for Roughing (Minor) at 11:29, Jan Hejda (Chi) for Holding (Minor) at 14:41, Lars Eller (Col) for Roughing (Double Minor) at 19:30

Overtime #1

3. Blackhawks , Jeff Carter 15 (Justin Braun, David Backes) at 0:23 (PP)

Penalties :
No Penalty

Goalie Stats

Semyon Varlamov (Col), 26 saves from 28 shots - (0.929), OTL, 16-13-5, 60:23 minutes
Craig Anderson (Chi), 29 saves from 30 shots - (0.967), W, 8-12-0, 60:23 minutes

Players Stats for Avalanche

Player Name              G  A  P  +/- PIM S  H  SB GA TA FO     MP     PP MP  PK MP  
------------------------------------------------------------------------------------
Benoit Pouliot           0  0  0   0  0   0  1  0  6  0  0/0    14:59   0:00   0:00 
Brad Stuart              0  0  0   1  2   0  2  2  0  0  0/0    20:22   4:54   0:06 
Braydon Coburn           0  0  0   0  0   0  1  2  0  3  0/0    22:43   5:01   1:49 
Claude Giroux            1  0  1   1  0   8  1  0  1  1  8/12   21:26   4:43   0:00 
Clayton Stoner           0  1  1   1  0   0  1  4  0  2  0/0    16:05   0:00   1:10 
Daniel Briere            0  0  0   0  0   3  0  0  2  0  0/0    18:03   5:12   0:00 
Joffrey Lupul            0  0  0   0  0   1  2  0  2  0  0/0    18:12   4:43   0:00 
Lars Eller               0  0  0   0  4   1  1  0  1  0  9/16   19:46   5:12   2:01 
Mike Ribeiro             0  0  0   0  0   3  2  0  4  0  0/0    18:10   5:12   0:00 
Morgan Rielly            0  0  0   0  0   2  0  1  0  0  0/0    18:50   4:54   1:04 
Rene Bourque             0  0  0   0  0   0  2  0  0  0  1/2    14:44   0:00   0:29 
Rostislav Klesla         0  0  0   0  0   2  0  2  0  0  0/0    11:56   0:00   0:00 
Ryan McDonagh            0  0  0   0  0   6  1  1  1  1  0/0    27:07   5:01   1:49 
T.J. Hensick             0  0  0   1  0   0  0  0  0  0  0/6     9:24   0:00   0:06 
Taylor Fedun             0  0  0   0  0   0  0  0  0  0  0/0     4:24   0:00   0:00 
Trevor Lewis             0  0  0   0  0   0  1  0  0  0  3/9    15:22   0:00   2:53 
Troy Brouwer             0  0  0   0  2   3  1  0  1  0  1/1    18:21   4:43   0:06 
Tyler Kennedy            0  0  0   1  0   1  1  1  0  0  0/0     8:36   0:00   0:00 

Players Stats for Blackhawks

Player Name              G  A  P  +/- PIM S  H  SB GA TA FO     MP     PP MP  PK MP  
------------------------------------------------------------------------------------
Andrew Shaw              0  0  0   0  2   4  0  0  3  0  0/0     9:34   0:00   0:00 
Brock Nelson             0  0  0   0  0   1  0  0  0  0  0/0    11:47   0:00   0:00 
Brooks Laich             0  0  0   0  0   1  2  0  0  0  5/13   16:03   1:13   4:54 
Cal Clutterbuck          0  0  0   0  2   0  1  0  0  0  0/0     9:32   0:00   0:00 
Curtis Glencross         1  0  1  -1  0   1  0  0  1  0  1/2    13:14   0:53   0:00 
David Backes             0  1  1  -1  0   2  1  0  0  0  6/7    14:26   0:30   0:54 
Dustin Byfuglien         0  0  0  -1  0   1  3  1  0  1  0/0    17:56   1:49   0:00 
Jan Hejda                0  0  0  -1  2   0  1  0  0  0  0/0    16:40   0:00   0:00 
Jaromir Jagr             0  0  0   0  2   1  1  0  1  0  0/0    18:32   1:01   4:07 
Jeff Carter              1  0  1   0  0   5  4  0  4  0  8/15   19:50   1:01   5:01 
Jordie Benn              0  0  0   0  0   1  0  2  0  3  0/0    19:22   0:00   5:16 
Justin Braun             0  1  1   0  0   3  0  2  0  2  0/0    23:05   0:47   4:39 
Martin Hanzal            0  1  1   0  2   5  3  0  2  1  3/7    13:58   1:35   0:00 
PA Parenteau             0  0  0  -1  0   0  0  0  1  0  0/0    12:21   0:00   0:00 
Patrick Wiercioch        0  1  1   0  0   0  1  1  0  1  0/0    23:07   1:02   4:39 
Ryan Callahan            0  0  0   0  0   2  1  0  2  0  1/1    18:47   1:35   4:54 
Torey Krug               0  0  0   0  0   1  0  0  0  2  0/0    20:56   1:34   5:16 
Tyler Toffoli            0  0  0   0  0   0  0  0  0  0  0/1    12:22   0:00   0:00 

3 Stars

1 - Craig Anderson (Chi)
2 - Jeff Carter (Chi)
3 - Claude Giroux (Col)

Power Play

Avalanche - 0 on 5 Attempt(s) - 0.00%
Blackhawks - 2 on 4 Attempt(s) - 50.00%

Penalty Kill

Avalanche - 2 on 4 Attempt(s) - 50.00% - Score 0 goal in Penalty Kill
Blackhawks - 5 on 5 Attempt(s) - 100.00% - Score 0 goal in Penalty Kill

Team Stat

Avalanche - Hits : 17 - Faceoff Wins : 22 - Blocked Shots : 13 - Penalty Minutes : 8
Blackhawks - Hits : 18 - Faceoff Wins : 24 - Blocked Shots : 6 - Penalty Minutes : 10

Official

Referees : Unknown
Linesman : Unknown

Game Notes

No Game Note

Finance

Level 1 -- Attendance: 6000 (100.00%) -- Ticket Income $510,000
Level 2 -- Attendance: 4095 (81.90%) -- Ticket Income $225,225
Level 3 -- Attendance: 1806 (90.30%) -- Ticket Income $54,180
Level 4 -- Attendance: 4000 (100.00%) -- Ticket Income $72,000
Luxury Box -- Attendance: 1000 (100.00%) -- Ticket Income $180,000
Game was played at the United Center'
Total Attendance: 16901 (93.89%)
Total Ticket Income: $1,041,405
Other Income: $510,288
Total Income: $1,551,693

Avalanche

5 vs 5 Forward 
   Center                   Left Wing                Right Wing               Time % Phy DF OF 
 1 Claude Giroux            Joffrey Lupul            Troy Brouwer             40     1   2  2  
 2 Lars Eller               Mike Ribeiro             Daniel Briere            30     1   1  3  
 3 Trevor Lewis             Benoit Pouliot           Rene Bourque             20     2   2  1  
 4 T.J. Hensick             Tyler Kennedy            Claude Giroux            10     1   2  2  

5 vs 5 Defense 
   Defense                  Defense                                           Time % Phy DF OF 
 1 Ryan McDonagh            Braydon Coburn                                    40     1   2  2  
 2 Brad Stuart              Clayton Stoner                                    30     1   2  2  
 3 Rostislav Klesla         Morgan Rielly                                     20     1   2  2  
 4 Taylor Fedun             Ryan McDonagh                                     10     1   2  2  

PowerPlay Forward 
   Center                   Left Wing                Right Wing               Time % Phy DF OF 
 1 Claude Giroux            Joffrey Lupul            Troy Brouwer             60     1   1  3  
 2 Lars Eller               Mike Ribeiro             Daniel Briere            40     1   1  3  

PowerPlay Defense
   Defense                  Defense                                           Time % Phy DF OF 
 1 Ryan McDonagh            Braydon Coburn                                    60     1   2  2  
 2 Brad Stuart              Morgan Rielly                                     40     1   2  2  

Penalty Kill 4 Players Forward 
   Center                   Wing                     Time % Phy DF OF 
 1 Trevor Lewis             Lars Eller               60     1   3  1  
 2 T.J. Hensick             Troy Brouwer             40     1   3  1  

Penalty Kill 4 Players Defense
   Defense                  Defense                  Time % Phy DF OF 
 1 Ryan McDonagh            Braydon Coburn           60     1   2  2  
 2 Brad Stuart              Clayton Stoner           40     1   2  2  

Penalty Kill - 3 Players Forward 
   Forward                                           Time % Phy DF OF 
 1 Trevor Lewis                                      60     1   2  2  
 2 Lars Eller                                        40     1   2  2  

Penalty Kill - 3 Players Defense
   Defense                  Defense                  Time % Phy DF OF 
 1 Ryan McDonagh            Braydon Coburn           60     1   2  2  
 2 Brad Stuart              Clayton Stoner           40     1   2  2  

4 vs 4 Forward 
   Center                   Wing                     Time % Phy DF OF 
 1 Claude Giroux            Troy Brouwer             60     1   2  2  
 2 Mike Ribeiro             Joffrey Lupul            40     1   2  2  

4 vs 4 Defense
   Defense                  Defense                  Time % Phy DF OF 
 1 Ryan McDonagh            Braydon Coburn           60     1   2  2  
 2 Brad Stuart              Clayton Stoner           40     1   2  2  

Last Minutes Offensive
   Center                   Left Wing                Right Wing               Defense                  Defense                  
   Claude Giroux            Joffrey Lupul            Troy Brouwer             Ryan McDonagh            Braydon Coburn           

Last Minutes Defensive
   Center                   Left Wing                Right Wing               Defense                  Defense                  
   Claude Giroux            Trevor Lewis             Troy Brouwer             Ryan McDonagh            Braydon Coburn           

Goaltenders
Starting : Semyon Varlamov          
Backup : Jack Campbell            

Extra Forwards
Normal : Benoit Pouliot, Daniel Briere, Rene Bourque - PP : Benoit Pouliot, Daniel Briere - PK : Rene Bourque
Extra Defensemen
Normal : Rostislav Klesla, Morgan Rielly, Taylor Fedun - PP : Rostislav Klesla - PK : Morgan Rielly, Taylor Fedun
Penalty Shots
Joffrey Lupul, Claude Giroux, Lars Eller, Mike Ribeiro, Benoit Pouliot

Blackhawks

5 vs 5 Forward 
   Center                   Left Wing                Right Wing               Time % Phy DF OF 
 1 Jeff Carter              Tyler Toffoli            Jaromir Jagr             30     0   2  3  
 2 David Backes             Curtis Glencross         PA Parenteau             25     1   2  2  
 3 Martin Hanzal            Brock Nelson             Ryan Callahan            25     2   2  1  
 4 Brooks Laich             Cal Clutterbuck          Andrew Shaw              20     2   2  1  

5 vs 5 Defense 
   Defense                  Defense                                           Time % Phy DF OF 
 1 Patrick Wiercioch        Justin Braun                                      30     1   2  2  
 2 Torey Krug               Jordie Benn                                       30     1   2  2  
 3 Jan Hejda                Dustin Byfuglien                                  30     1   2  2  
 4 Patrick Wiercioch        Justin Braun                                      10     1   2  2  

PowerPlay Forward 
   Center                   Left Wing                Right Wing               Time % Phy DF OF 
 1 Martin Hanzal            Curtis Glencross         Ryan Callahan            50     0   1  4  
 2 David Backes             Jaromir Jagr             Jeff Carter              50     0   1  4  

PowerPlay Defense
   Defense                  Defense                                           Time % Phy DF OF 
 1 Torey Krug               Justin Braun                                      50     0   2  3  
 2 Patrick Wiercioch        Dustin Byfuglien                                  50     0   2  3  

Penalty Kill 4 Players Forward 
   Center                   Wing                     Time % Phy DF OF 
 1 Brooks Laich             Ryan Callahan            50     1   3  1  
 2 Jeff Carter              Jaromir Jagr             50     1   3  1  

Penalty Kill 4 Players Defense
   Defense                  Defense                  Time % Phy DF OF 
 1 Torey Krug               Jordie Benn              50     2   3  0  
 2 Patrick Wiercioch        Justin Braun             50     2   3  0  

Penalty Kill - 3 Players Forward 
   Forward                                           Time % Phy DF OF 
 1 Ryan Callahan                                     50     1   4  0  
 2 Brooks Laich                                      50     1   4  0  

Penalty Kill - 3 Players Defense
   Defense                  Defense                  Time % Phy DF OF 
 1 Torey Krug               Jordie Benn              50     1   4  0  
 2 Patrick Wiercioch        Justin Braun             50     1   4  0  

4 vs 4 Forward 
   Center                   Wing                     Time % Phy DF OF 
 1 David Backes             Jeff Carter              50     0   2  3  
 2 Martin Hanzal            Curtis Glencross         50     0   2  3  

4 vs 4 Defense
   Defense                  Defense                  Time % Phy DF OF 
 1 Jan Hejda                Justin Braun             50     1   2  2  
 2 Torey Krug               Jordie Benn              50     1   2  2  

Last Minutes Offensive
   Center                   Left Wing                Right Wing               Defense                  Defense                  
   David Backes             Jaromir Jagr             Jeff Carter              Torey Krug               Dustin Byfuglien         

Last Minutes Defensive
   Center                   Left Wing                Right Wing               Defense                  Defense                  
   David Backes             Brooks Laich             Ryan Callahan            Jan Hejda                Justin Braun             

Goaltenders
Starting : Craig Anderson           
Backup : Anton Khudobin           

Extra Forwards
Normal : Ryan Callahan, Jeff Carter, David Backes - PP : Ryan Callahan, PA Parenteau - PK : David Backes
Extra Defensemen
Normal : Dustin Byfuglien, Torey Krug, Patrick Wiercioch - PP : Dustin Byfuglien - PK : Justin Braun, Jan Hejda
Penalty Shots
Brooks Laich, PA Parenteau, Jeff Carter, Ryan Callahan, Jaromir Jagr

% Time on Ice - Avalanche

Lines # - Real PCT - Wanted PCT - Time Play
Normal Forward
1 - 27% - 40% - 12:51
2 - 28% - 30% - 13:16
3 - 27% - 20% - 12:46
4 - 18% - 10% - 8:36
Normal Defense
1 - 33% - 40% - 15:53
2 - 32% - 30% - 15:16
3 - 25% - 20% - 11:56
4 - 9% - 10% - 4:24
PP Forward
1 - 48% - 60% - 4:43
2 - 52% - 40% - 5:12
PP Defense
1 - 51% - 60% - 5:01
2 - 49% - 40% - 4:54
PK Forward
1 - 96% - 60% - 2:30
2 - 4% - 40% - 0:06
PK Defense
1 - 55% - 60% - 1:26
2 - 45% - 40% - 1:10
PK3 Forward
1 - 100% - 60% - 0:23
2 - 0% - 40% - 0:00
PK3 Defense
1 - 100% - 60% - 0:23
2 - 0% - 40% - 0:00
44 Forward
1 - 0% - 60%
2 - 0% - 40%
44 Defense
1 - 0% - 60%
2 - 0% - 40%
Last Minute Offensive  - 0:00
Last Minute Defensive  - 0:00
Total
Forward - 60:23
Defense - 60:23

% Time on Ice - Blackhawks

Lines # - Real PCT - Wanted PCT - Time Play
Normal Forward
1 - 27% - 30% - 12:53
2 - 28% - 25% - 13:24
3 - 25% - 25% - 11:47
4 - 20% - 20% - 9:25
Normal Defense
1 - 27% - 30% - 12:47
2 - 34% - 30% - 16:18
3 - 34% - 30% - 15:57
4 - 5% - 10% - 2:27
PP Forward
1 - 61% - 50% - 1:35
2 - 39% - 50% - 1:01
PP Defense
1 - 60% - 50% - 1:34
2 - 40% - 50% - 1:02
PK Forward
1 - 49% - 50% - 4:54
2 - 51% - 50% - 5:01
PK Defense
1 - 53% - 50% - 5:16
2 - 47% - 50% - 4:39
PK3 Forward
1 - 0% - 50%
2 - 0% - 50%
PK3 Defense
1 - 0% - 50%
2 - 0% - 50%
44 Forward
1 - 100% - 50% - 0:23
2 - 0% - 50% - 0:00
44 Defense
1 - 100% - 50% - 0:23
2 - 0% - 50% - 0:00
Last Minute Offensive  - 0:00
Last Minute Defensive  - 0:00
Total
Forward - 60:23
Defense - 60:23

Play by Play

1st period


0:01 of 1st period - Claude Giroux wins face-off versus Tyler Toffoli in neutral zone.
0:24 of 1st period - Backhand shot by Claude Giroux.
0:24 of 1st period - Shot Blocked by Justin Braun.
0:34 of 1st period - Wrist shot by Jaromir Jagr.
0:34 of 1st period - Stopped by Semyon Varlamov without a rebound.
0:35 of 1st period - David Backes wins face-off versus Lars Eller in Avalanche zone.
1:30 of 1st period - Morgan Rielly is hit by Martin Hanzal and loses puck.
1:41 of 1st period - Rene Bourque is hit by Martin Hanzal and loses puck.
2:40 of 1st period - Brooks Laich is hit by Claude Giroux and loses puck.
3:05 of 1st period - Snap shot by Jeff Carter.
3:05 of 1st period - Stopped by Semyon Varlamov with a rebound.
3:41 of 1st period - Snap shot by PA Parenteau.
3:41 of 1st period - Shot Misses the Net.
3:43 of 1st period - Slapshot by Jan Hejda.
3:43 of 1st period - Deflect By David Backes.
3:43 of 1st period - Shot Misses the Net.
3:43 of 1st period - Puck is out of play.
3:44 of 1st period - Lars Eller wins face-off versus David Backes in Avalanche zone.
4:08 of 1st period - Snap shot by PA Parenteau.
4:08 of 1st period - Shot Misses the Net.
6:11 of 1st period - Rene Bourque is hit by Jaromir Jagr.
6:49 of 1st period - Slapshot by Claude Giroux.
6:49 of 1st period - Stopped by Craig Anderson without a rebound.
6:50 of 1st period - David Backes wins face-off versus T.J. Hensick in Blackhawks zone.
7:50 of 1st period - Snap shot by Troy Brouwer.
7:50 of 1st period - Stopped by Craig Anderson with a rebound.
7:52 of 1st period - Snap shot by Joffrey Lupul.
7:52 of 1st period - Deflect By Claude Giroux.
7:52 of 1st period - Stopped by Craig Anderson without a rebound.
7:53 of 1st period - Claude Giroux wins face-off versus Martin Hanzal in Blackhawks zone.
8:10 of 1st period - Snap shot by Martin Hanzal.
8:10 of 1st period - Stopped by Semyon Varlamov with a rebound.
8:49 of 1st period - Braydon Coburn is hit by Jeff Carter and loses puck.
9:50 of 1st period - Slapshot by Dustin Byfuglien.
9:50 of 1st period - Stopped by Semyon Varlamov without a rebound.
9:51 of 1st period - Claude Giroux wins face-off versus Brooks Laich in Avalanche zone.
10:59 of 1st period - Wrist shot by Ryan Callahan.
10:59 of 1st period - Shot Blocked by Tyler Kennedy.
13:09 of 1st period - Snap shot by Ryan Callahan.
13:09 of 1st period - Shot Misses the Net.
13:11 of 1st period - Wrist shot by Martin Hanzal.
13:11 of 1st period - Stopped by Semyon Varlamov without a rebound.
13:12 of 1st period - Lars Eller wins face-off versus Martin Hanzal in Avalanche zone.
13:22 of 1st period - Icing by Ryan Callahan.
13:23 of 1st period - Martin Hanzal wins face-off versus T.J. Hensick in Blackhawks zone.
13:28 of 1st period - Wrist shot by Brock Nelson.
13:28 of 1st period - Stopped by Semyon Varlamov with a rebound.
14:25 of 1st period - Lars Eller is hit by Brooks Laich and loses puck.
15:04 of 1st period - Slapshot by David Backes.
15:04 of 1st period - Stopped by Semyon Varlamov with a rebound.
15:12 of 1st period - David Backes is hit by Tyler Kennedy.
15:34 of 1st period - Slapshot by Benoit Pouliot.
15:34 of 1st period - Shot Misses the Net.
16:08 of 1st period - Slapshot by Joffrey Lupul.
16:08 of 1st period - Stopped by Craig Anderson without a rebound.
16:09 of 1st period - Jeff Carter wins face-off versus Rene Bourque in Blackhawks zone.
16:09 of 1st period - Jeff Carter is hit by Rene Bourque.
16:21 of 1st period - Wrist shot by Jeff Carter.
16:21 of 1st period - Shot Blocked by Clayton Stoner.
16:23 of 1st period - Minor Penalty to Troy Brouwer for High sticking.
16:24 of 1st period - Curtis Glencross wins face-off versus Trevor Lewis in Avalanche zone.
16:29 of 1st period - Snap shot by Martin Hanzal.
16:29 of 1st period - Stopped by Semyon Varlamov with a rebound.
16:31 of 1st period - Backhand shot by Patrick Wiercioch.
16:31 of 1st period - Deflect By Curtis Glencross.
16:31 of 1st period - Goal by Curtis Glencross - Avalanche : 0 - Blackhawks : 1.
16:32 of 1st period - Jeff Carter wins face-off versus Lars Eller in neutral zone.
16:55 of 1st period - Slapshot by Ryan McDonagh.
16:55 of 1st period - Deflect By Jeff Carter.
16:55 of 1st period - Stopped by Craig Anderson with a rebound.
16:57 of 1st period - Wrist shot by Daniel Briere.
16:57 of 1st period - Stopped by Craig Anderson with a rebound.
16:59 of 1st period - Slapshot by Ryan McDonagh.
16:59 of 1st period - Deflect By Mike Ribeiro.
16:59 of 1st period - Stopped by Craig Anderson with a rebound.
17:03 of 1st period - Snap shot by Daniel Briere.
17:03 of 1st period - Stopped by Craig Anderson without a rebound.
17:04 of 1st period - Martin Hanzal wins face-off versus Claude Giroux in Blackhawks zone.
17:39 of 1st period - Clayton Stoner is hit by Martin Hanzal and loses puck.
18:02 of 1st period - Slapshot by Ryan McDonagh.
18:02 of 1st period - Stopped by Craig Anderson without a rebound.
18:03 of 1st period - Trevor Lewis wins face-off versus Brooks Laich in Blackhawks zone.
18:13 of 1st period - Minor Penalty to Cal Clutterbuck for Hooking.
18:14 of 1st period - Lars Eller wins face-off versus Jeff Carter in Blackhawks zone.
18:32 of 1st period - Slapshot by Ryan Callahan.
18:32 of 1st period - Stopped by Semyon Varlamov without a rebound.
18:33 of 1st period - Brooks Laich wins face-off versus Lars Eller in Avalanche zone.
19:06 of 1st period - Wrist shot by Jeff Carter.
19:06 of 1st period - Deflect By Ryan McDonagh.
19:06 of 1st period - Stopped by Semyon Varlamov with a rebound.
19:08 of 1st period - Snap shot by Torey Krug.
19:08 of 1st period - Stopped by Semyon Varlamov without a rebound.
19:09 of 1st period - Jeff Carter wins face-off versus Claude Giroux in Avalanche zone.
19:31 of 1st period - Brooks Laich is hit by Joffrey Lupul and loses puck.
Goals for this period are 0 for Avalanche vs 1 for Blackhawks.
Shots for this period are 9 for Avalanche vs 12 for Blackhawks.

2nd period


0:01 of 2nd period - Claude Giroux wins face-off versus Jeff Carter in neutral zone.
0:04 of 2nd period - Jeff Carter is hit by Ryan McDonagh and loses puck.
0:13 of 2nd period - Penalty to Cal Clutterbuck is over, Cal Clutterbuck is back on ice.
0:20 of 2nd period - Wrist shot by Claude Giroux.
0:20 of 2nd period - Stopped by Craig Anderson without a rebound.
0:21 of 2nd period - Lars Eller wins face-off versus Brooks Laich in Blackhawks zone.
0:40 of 2nd period - Snap shot by Cal Clutterbuck.
0:40 of 2nd period - Deflect By Andrew Shaw.
0:40 of 2nd period - Stopped by Semyon Varlamov with a rebound.
0:56 of 2nd period - Wrist shot by Andrew Shaw.
0:56 of 2nd period - Shot Blocked by Braydon Coburn.
1:27 of 2nd period - Wrist shot by Claude Giroux.
1:27 of 2nd period - Stopped by Craig Anderson with a rebound.
1:33 of 2nd period - Morgan Rielly is hit by Jeff Carter and loses puck.
1:40 of 2nd period - Wrist shot by Jeff Carter.
1:40 of 2nd period - Shot Blocked by Morgan Rielly.
2:04 of 2nd period - Snap shot by Ryan Callahan.
2:04 of 2nd period - Deflect By Martin Hanzal.
2:04 of 2nd period - Stopped by Semyon Varlamov with a rebound.
2:06 of 2nd period - Slapshot by Justin Braun.
2:06 of 2nd period - Shot Blocked by Rostislav Klesla.
2:08 of 2nd period - Wrist shot by Ryan Callahan.
2:08 of 2nd period - Stopped by Semyon Varlamov with a rebound.
2:10 of 2nd period - Snap shot by Martin Hanzal.
2:10 of 2nd period - Shot Misses the Net.
2:12 of 2nd period - Slapshot by Justin Braun.
2:12 of 2nd period - Deflect By Martin Hanzal.
2:12 of 2nd period - Stopped by Semyon Varlamov with a rebound.
2:14 of 2nd period - Slapshot by Justin Braun.
2:14 of 2nd period - Stopped by Semyon Varlamov with a rebound.
2:16 of 2nd period - Snap shot by Ryan Callahan.
2:16 of 2nd period - Shot Misses the Net.
2:18 of 2nd period - Slapshot by Justin Braun.
2:18 of 2nd period - Stopped by Semyon Varlamov without a rebound.
2:19 of 2nd period - David Backes wins face-off versus T.J. Hensick in Avalanche zone.
2:42 of 2nd period - Slapshot by Claude Giroux.
2:42 of 2nd period - Goal by Claude Giroux - Avalanche : 1 - Blackhawks : 1.
2:43 of 2nd period - Lars Eller wins face-off versus Jeff Carter in neutral zone.
2:57 of 2nd period - Minor Penalty to Jaromir Jagr for Holding.
2:58 of 2nd period - Troy Brouwer wins face-off versus Brooks Laich in Blackhawks zone.
3:02 of 2nd period - Snap shot by Claude Giroux.
3:02 of 2nd period - Stopped by Craig Anderson with a rebound.
3:04 of 2nd period - Slapshot by Ryan McDonagh.
3:04 of 2nd period - Shot Blocked by Jordie Benn.
3:08 of 2nd period - Snap shot by Claude Giroux.
3:08 of 2nd period - Shot Misses the Net.
3:10 of 2nd period - Slapshot by Ryan McDonagh.
3:10 of 2nd period - Stopped by Craig Anderson without a rebound.
3:11 of 2nd period - Claude Giroux wins face-off versus Brooks Laich in Blackhawks zone.
4:04 of 2nd period - Wrist shot by Mike Ribeiro.
4:04 of 2nd period - Stopped by Craig Anderson with a rebound.
4:57 of 2nd period - Penalty to Jaromir Jagr is over, Jaromir Jagr is back on ice.
5:31 of 2nd period - Ryan Callahan is hit by Rene Bourque and loses puck.
5:40 of 2nd period - Dustin Byfuglien is hit by Trevor Lewis and loses puck.
6:50 of 2nd period - Jeff Carter is hit by Joffrey Lupul.
9:25 of 2nd period - Clayton Stoner is hit by Cal Clutterbuck and loses puck.
9:44 of 2nd period - Brad Stuart is hit by Brooks Laich and loses puck.
9:57 of 2nd period - Snap shot by Curtis Glencross.
9:57 of 2nd period - Shot Blocked by Clayton Stoner.
9:59 of 2nd period - Snap shot by Jan Hejda.
9:59 of 2nd period - Shot Blocked by Clayton Stoner.
10:09 of 2nd period - Slapshot by David Backes.
10:09 of 2nd period - Shot Misses the Net.
11:42 of 2nd period - David Backes is hit by Mike Ribeiro and loses puck.
12:15 of 2nd period - Slapshot by Ryan McDonagh.
12:15 of 2nd period - Stopped by Craig Anderson without a rebound.
12:16 of 2nd period - Trevor Lewis wins face-off versus Brooks Laich in Blackhawks zone.
12:45 of 2nd period - Daniel Briere is hit by Dustin Byfuglien and loses puck.
13:08 of 2nd period - Slapshot by Ryan McDonagh.
13:08 of 2nd period - Stopped by Craig Anderson with a rebound.
13:10 of 2nd period - Snap shot by Trevor Lewis.
13:10 of 2nd period - Shot Blocked by Dustin Byfuglien.
13:12 of 2nd period - Slapshot by Rostislav Klesla.
13:12 of 2nd period - Stopped by Craig Anderson with a rebound.
13:14 of 2nd period - Slapshot by Rostislav Klesla.
13:14 of 2nd period - Stopped by Craig Anderson without a rebound.
13:15 of 2nd period - Rene Bourque wins face-off versus Jeff Carter in Blackhawks zone.
13:42 of 2nd period - Snap shot by Troy Brouwer.
13:42 of 2nd period - Stopped by Craig Anderson with a rebound.
13:54 of 2nd period - Snap shot by Mike Ribeiro.
13:54 of 2nd period - Deflect By Daniel Briere.
13:54 of 2nd period - Stopped by Craig Anderson with a rebound.
14:25 of 2nd period - Curtis Glencross is hit by Clayton Stoner and loses puck.
14:51 of 2nd period - Slapshot by Ryan McDonagh.
14:51 of 2nd period - Stopped by Craig Anderson with a rebound.
14:53 of 2nd period - Snap shot by Trevor Lewis.
14:53 of 2nd period - Shot Blocked by Patrick Wiercioch.
14:55 of 2nd period - Snap shot by Trevor Lewis.
14:55 of 2nd period - Shot Misses the Net.
14:57 of 2nd period - Slapshot by Morgan Rielly.
14:57 of 2nd period - Stopped by Craig Anderson with a rebound.
15:29 of 2nd period - Curtis Glencross is hit by Lars Eller and loses puck.
15:58 of 2nd period - Wrist shot by Tyler Kennedy.
15:58 of 2nd period - Shot Misses the Net.
16:00 of 2nd period - Snap shot by Tyler Kennedy.
16:00 of 2nd period - Stopped by Craig Anderson with a rebound.
16:02 of 2nd period - Wrist shot by T.J. Hensick.
16:02 of 2nd period - Shot Misses the Net.
16:04 of 2nd period - Slapshot by Clayton Stoner.
16:04 of 2nd period - Shot Misses the Net.
16:20 of 2nd period - Minor Penalty to Brad Stuart for Interference.
16:21 of 2nd period - Ryan Callahan wins face-off versus Trevor Lewis in Avalanche zone.
17:15 of 2nd period - Wrist shot by Jeff Carter.
17:15 of 2nd period - Deflect By Jaromir Jagr.
17:15 of 2nd period - Shot Blocked by Braydon Coburn.
17:15 of 2nd period - Puck is out of play.
17:16 of 2nd period - Lars Eller wins face-off versus Brooks Laich in Avalanche zone.
17:21 of 2nd period - Slapshot by Morgan Rielly.
17:21 of 2nd period - Stopped by Craig Anderson with a rebound.
17:46 of 2nd period - Snap shot by Ryan Callahan.
17:46 of 2nd period - Shot Misses the Net.
18:10 of 2nd period - Wrist shot by David Backes.
18:10 of 2nd period - Shot Blocked by Clayton Stoner.
18:20 of 2nd period - Penalty to Brad Stuart is over, Brad Stuart is back on ice.
18:36 of 2nd period - Wrist shot by Brooks Laich.
18:36 of 2nd period - Shot Blocked by Brad Stuart.
19:20 of 2nd period - Claude Giroux is hit by Dustin Byfuglien and loses puck.
Goals for this period are 1 for Avalanche vs 0 for Blackhawks.
Shots for this period are 16 for Avalanche vs 6 for Blackhawks.

3rd period


0:01 of 3rd period - Jeff Carter wins face-off versus Claude Giroux in neutral zone.
0:25 of 3rd period - Snap shot by Claude Giroux.
0:25 of 3rd period - Stopped by Craig Anderson without a rebound.
0:26 of 3rd period - Martin Hanzal wins face-off versus Lars Eller in Blackhawks zone.
1:19 of 3rd period - Wrist shot by Andrew Shaw.
1:19 of 3rd period - Shot Misses the Net.
1:21 of 3rd period - Slapshot by Justin Braun.
1:21 of 3rd period - Stopped by Semyon Varlamov without a rebound.
1:22 of 3rd period - Brooks Laich wins face-off versus Trevor Lewis in Avalanche zone.
1:51 of 3rd period - Snap shot by Andrew Shaw.
1:51 of 3rd period - Stopped by Semyon Varlamov without a rebound.
1:52 of 3rd period - Claude Giroux wins face-off versus Jeff Carter in Avalanche zone.
2:23 of 3rd period - Snap shot by Jeff Carter.
2:23 of 3rd period - Stopped by Semyon Varlamov with a rebound.
2:25 of 3rd period - Snap shot by Jeff Carter.
2:25 of 3rd period - Shot Misses the Net.
2:27 of 3rd period - Wrist shot by Jaromir Jagr.
2:27 of 3rd period - Shot Blocked by Rostislav Klesla.
3:09 of 3rd period - Wrist shot by Ryan Callahan.
3:09 of 3rd period - Deflect By Brock Nelson.
3:09 of 3rd period - Shot Misses the Net.
3:09 of 3rd period - Puck is out of play.
3:10 of 3rd period - Lars Eller wins face-off versus Curtis Glencross in Avalanche zone.
3:10 of 3rd period - Lars Eller is hit by Dustin Byfuglien.
3:31 of 3rd period - Slapshot by Mike Ribeiro.
3:31 of 3rd period - Shot Misses the Net.
3:33 of 3rd period - Slapshot by Braydon Coburn.
3:33 of 3rd period - Shot Misses the Net.
3:43 of 3rd period - Wrist shot by Mike Ribeiro.
3:43 of 3rd period - Shot Misses the Net.
3:45 of 3rd period - Slapshot by Mike Ribeiro.
3:45 of 3rd period - Deflect By Jan Hejda.
3:45 of 3rd period - Shot Misses the Net.
3:45 of 3rd period - Puck is out of play.
3:46 of 3rd period - Jeff Carter wins face-off versus Trevor Lewis in Blackhawks zone.
3:51 of 3rd period - Trevor Lewis is hit by Jeff Carter and loses puck.
4:43 of 3rd period - Dustin Byfuglien is hit by Mike Ribeiro and loses puck.
5:11 of 3rd period - Slapshot by Dustin Byfuglien.
5:11 of 3rd period - Deflect By Cal Clutterbuck.
5:11 of 3rd period - Shot Misses the Net.
5:11 of 3rd period - Puck is out of play.
5:12 of 3rd period - Brooks Laich wins face-off versus T.J. Hensick in Avalanche zone.
5:16 of 3rd period - Slapshot by Jordie Benn.
5:16 of 3rd period - Stopped by Semyon Varlamov with a rebound.
5:18 of 3rd period - Snap shot by Brooks Laich.
5:18 of 3rd period - Stopped by Semyon Varlamov without a rebound.
5:19 of 3rd period - Brooks Laich wins face-off versus T.J. Hensick in Avalanche zone.
5:24 of 3rd period - Slapshot by Andrew Shaw.
5:24 of 3rd period - Stopped by Semyon Varlamov with a rebound.
6:54 of 3rd period - Snap shot by David Backes.
6:54 of 3rd period - Shot Misses the Net.
6:56 of 3rd period - Snap shot by Curtis Glencross.
6:56 of 3rd period - Shot Misses the Net.
7:06 of 3rd period - Snap shot by Curtis Glencross.
7:06 of 3rd period - Deflect By David Backes.
7:06 of 3rd period - Shot Misses the Net.
7:06 of 3rd period - Puck is out of play.
7:07 of 3rd period - Lars Eller wins face-off versus Martin Hanzal in Avalanche zone.
7:07 of 3rd period - Lars Eller is hit by Ryan Callahan.
7:19 of 3rd period - Wrist shot by Lars Eller.
7:19 of 3rd period - Stopped by Craig Anderson with a rebound.
7:51 of 3rd period - Minor Penalty to Martin Hanzal for Roughing.
7:52 of 3rd period - Claude Giroux wins face-off versus Jeff Carter in Blackhawks zone.
7:53 of 3rd period - Wrist shot by Troy Brouwer.
7:53 of 3rd period - Deflect By Joffrey Lupul.
7:53 of 3rd period - Shot Blocked by Justin Braun.
7:53 of 3rd period - Puck is out of play.
7:54 of 3rd period - Jeff Carter wins face-off versus Claude Giroux in Blackhawks zone.
8:57 of 3rd period - Jordie Benn is hit by Brad Stuart and loses puck.
9:30 of 3rd period - Justin Braun is hit by Troy Brouwer and loses puck.
9:51 of 3rd period - Penalty to Martin Hanzal is over, Martin Hanzal is back on ice.
10:34 of 3rd period - Slapshot by David Backes.
10:34 of 3rd period - Stopped by Semyon Varlamov without a rebound.
10:35 of 3rd period - David Backes wins face-off versus T.J. Hensick in Avalanche zone.
11:29 of 3rd period - Minor Penalty to Andrew Shaw for Roughing.
11:30 of 3rd period - Brooks Laich wins face-off versus Lars Eller in Blackhawks zone.
13:04 of 3rd period - Ryan McDonagh is hit by Patrick Wiercioch and loses puck.
13:29 of 3rd period - Penalty to Andrew Shaw is over, Andrew Shaw is back on ice.
14:05 of 3rd period - Clayton Stoner is hit by David Backes and loses puck.
14:41 of 3rd period - Minor Penalty to Jan Hejda for Holding.
14:42 of 3rd period - Jeff Carter wins face-off versus Lars Eller in Blackhawks zone.
14:42 of 3rd period - Jeff Carter is hit by Braydon Coburn.
14:48 of 3rd period - Wrist shot by Mike Ribeiro.
14:48 of 3rd period - Stopped by Craig Anderson with a rebound.
14:50 of 3rd period - Slapshot by Braydon Coburn.
14:50 of 3rd period - Shot Misses the Net.
14:52 of 3rd period - Slapshot by Ryan McDonagh.
14:52 of 3rd period - Deflect By Mike Ribeiro.
14:52 of 3rd period - Shot Blocked by Jordie Benn.
14:52 of 3rd period - Puck is out of play.
14:53 of 3rd period - Lars Eller wins face-off versus Jeff Carter in Blackhawks zone.
15:34 of 3rd period - Wrist shot by Troy Brouwer.
15:34 of 3rd period - Stopped by Craig Anderson without a rebound.
15:35 of 3rd period - Claude Giroux wins face-off versus Brooks Laich in Blackhawks zone.
16:10 of 3rd period - Brooks Laich is hit by Brad Stuart and loses puck.
16:29 of 3rd period - Braydon Coburn is hit by Jeff Carter and loses puck.
16:41 of 3rd period - Penalty to Jan Hejda is over, Jan Hejda is back on ice.
16:46 of 3rd period - Wrist shot by Claude Giroux.
16:46 of 3rd period - Stopped by Craig Anderson with a rebound.
17:41 of 3rd period - Torey Krug is hit by Benoit Pouliot and loses puck.
18:10 of 3rd period - Slapshot by Andrew Shaw.
18:10 of 3rd period - Stopped by Semyon Varlamov with a rebound.
18:12 of 3rd period - Slapshot by Dustin Byfuglien.
18:12 of 3rd period - Shot Blocked by Brad Stuart.
18:14 of 3rd period - Slapshot by Jan Hejda.
18:14 of 3rd period - Shot Misses the Net.
18:16 of 3rd period - Snap shot by Brooks Laich.
18:16 of 3rd period - Shot Misses the Net.
19:16 of 3rd period - Off-side.
19:17 of 3rd period - Jeff Carter wins face-off versus Lars Eller in neutral zone.
19:30 of 3rd period - Double Minor Penalty to Lars Eller for Roughing.
19:31 of 3rd period - Trevor Lewis wins face-off versus Martin Hanzal in Avalanche zone.
19:53 of 3rd period - Snap shot by Ryan Callahan.
19:53 of 3rd period - Deflect By Ryan McDonagh.
19:53 of 3rd period - Shot Blocked by Ryan McDonagh.
19:53 of 3rd period - Puck is out of play.
19:54 of 3rd period - David Backes wins face-off versus Trevor Lewis in Avalanche zone.
Goals for this period are 0 for Avalanche vs 0 for Blackhawks.
Shots for this period are 5 for Avalanche vs 8 for Blackhawks.

Overtime #1


0:01 of 1st overtime period - David Backes wins face-off versus Trevor Lewis in neutral zone.
0:04 of 1st overtime period - Ryan McDonagh is hit by Jan Hejda and loses puck.
0:19 of 1st overtime period - Snap shot by Jeff Carter.
0:19 of 1st overtime period - Stopped by Semyon Varlamov with a rebound.
0:21 of 1st overtime period - Slapshot by Justin Braun.
0:21 of 1st overtime period - Shot Misses the Net.
0:23 of 1st overtime period - Snap shot by Jeff Carter.
0:23 of 1st overtime period - Goal by Jeff Carter - Avalanche : 1 - Blackhawks : 2.
Goals for this period are 0 for Avalanche vs 1 for Blackhawks.
Shots for this period are 0 for Avalanche vs 2 for Blackhawks.


Output by the SimonT Hockey Simulator (STHS) for Eric Dolegowski -- Original Page W3C XHTML 1.0 Valid
Hockey Simulator - Hockey Simulation - Hockey Manager